 Dungeon Crawl Stone Soup version 0.21.1-1-g345015f (webtiles) character file.

329 HammerPanzer the Slasher (level 6, -9/56 HPs)
             Began as a Draconian Berserker on Apr 4, 2018.
             Was an Elder of Trog.
             Mangled by an ogre
             ... wielding a +0 giant club
              (10 damage)
             ... on level 4 of the Dungeon.
             The game lasted 00:08:36 (3186 turns).

HammerPanzer the Slasher (Draconian Berserker)      Turns: 3186, Time: 00:08:37

Health: -9/56      AC:  6    Str: 20    XL:     6   Next: 25%
Magic:  6/6        EV: 14    Int:  7    God:    Trog [****..]
Gold:   168        SH:  0    Dex: 12    Spells: 5/5 levels left

rFire    . . .     SeeInvis .   a - +1 falchion
rCold    + . .     Gourm    .   (no shield)
rNeg     . . .     Faith    .   (armour unavailable)
rPois    .         Spirit   .   (helmet restricted)
rElec    .         Reflect  .   (no cloak)
rCorr    .         Harm     .   (no gloves)
MR       .....                  (no boots)
Stlth    +.........             (no amulet)
HPRegen  0.18/turn              h - +1 ring of evasion
MPRegen  0.10/turn              j - ring of protection from cold

@: berserk cooldown, slowed, very slow
A: unfitting armour, cold-blooded, AC +6
a: Berserk, Trog's Hand, Brothers in Arms, Burn Spellbooks, Renounce Religion


You were on level 4 of the Dungeon.
You worshipped Trog.
Trog was greatly pleased with you.
You were hungry.

You visited 1 branch of the dungeon, and saw 4 of its levels.
You also visited: Sewer.

You collected 168 gold pieces.

Inventory:

Hand Weapons
 a - a +1 falchion (weapon)
Jewellery
 h - a +1 ring of evasion (left hand)
 j - a ring of protection from cold (right hand)
Wands
 k - a wand of clouds (8)
Scrolls
 c - a scroll of blinking
 d - 3 scrolls of teleportation
 l - a scroll of fear
Potions
 f - a potion of berserk rage {unknown}
 g - 6 potions of heal wounds
 i - 4 potions of might
 m - a potion of resistance {unknown}
 p - 3 potions of brilliance {unknown}
 q - 2 potions of curing {unknown}
 r - a potion of flight {unknown}
Comestibles
 b - 8 rations


   Skills:
 + Level 5.1 Fighting
 * Level 6.1 Long Blades
 - Level 2.6 Dodging


You had 5 spell levels left.
You didn't know any spells.

Dungeon Overview and Level Annotations

Branches:
Dungeon (4/15)
 Temple: D:4-7

Altars:
Cheibriados


Innate Abilities, Weirdness & Mutations

Your plain brown scales are hard. (AC +6)
You cannot fit into any form of body armour.
You are cold-blooded and may be slowed by cold attacks.


Message History

You hit the orc wizard.
The orc wizard is lightly wounded.
The orc wizard hits you but does no damage.
The orc wizard splashes around in the water.
An iguana comes into view.
Your unstable footing causes you to fumble your attack.
The orc wizard hits you but does no damage.
All of the chunks of flesh in your inventory have rotted away.
You hit the orc wizard but do no damage.
The orc wizard is lightly wounded.
The orc wizard barely misses you. The orc wizard casts a spell at you.
The magic dart hits you!
* * * LOW HITPOINT WARNING * * *
Your unstable footing causes you to fumble your attack.
The orc wizard casts a spell at you. The magic dart hits you!
* * * LOW HITPOINT WARNING * * *
The ogre hits you with a giant club!
You die...

##≈.≈≈≈≈≈≈....$##.#
#≈≈≈≈≈≈≈≈.≈#.#.# .#
o...
#..#########.#.# .#
..o.
#..≈≈≈≈≈≈##..#.#
.o...
##≈≈....≈.##...#
...S. ##≈≈≈≈≈≈..#.#
......#########..#.#
....l.#.≈≈≈≈≈≈≈≈≈#
......≈o@)≈≈≈≈≈.##
####..O≈########
######


You could see an ogre, an iguana and an orc wizard.

Vanquished Creatures
  An orc wizard (D:4)
  3 gnolls (D:3)
  7 adders
  4 river rats (Sewer)
  2 oozes
  2 worms (D:3)
  3 dart slugs
  7 leopard geckos
  8 orcs
  5 bats
  7 giant cockroaches
  12 goblins
  10 hobgoblins
  4 jackals (D:3)
  22 kobolds
  3 quokkas
  9 ball pythons
  3 frilled lizards
  28 rats
140 creatures vanquished.

Notes
Turn   | Place    | Note
-------+----------+-------------------------------------------
     0 | D:1      | HammerPanzer the Draconian Berserker began the quest for the Orb.
     0 | D:1      | Reached XP level 1. HP: 19/19 MP: 1/1
     2 | D:1      | Noticed a draconian
     2 | D:1      | Noticed a formicid
     4 | D:1      | Noticed a merfolk
     4 | D:1      | Noticed a demonspawn
     6 | D:1      | Noticed a minotaur
     6 | D:1      | Noticed a vampire
     8 | D:1      | Noticed a human
    10 | D:1      | Noticed an octopode
    10 | D:1      | Noticed a tengu
    13 | D:1      | Noticed an elf
    13 | D:1      | Noticed a naga
    15 | D:1      | Noticed an ogre
    15 | D:1      | Noticed a felid
    17 | D:1      | Noticed a centaur
    19 | D:1      | Noticed a dwarf
    19 | D:1      | Noticed a gargoyle
    21 | D:1      | Noticed a troll
    21 | D:1      | Noticed a ghoul
    23 | D:1      | Noticed a spriggan
    25 | D:1      | Noticed a halfling
    27 | D:1      | Noticed a vine stalker
    27 | D:1      | Noticed a demigod
    35 | D:1      | Found a snail-covered altar of Cheibriados.
   160 | D:1      | Reached XP level 2. HP: 17/26 MP: 2/2
   878 | D:1      | Reached XP level 3. HP: 32/33 MP: 3/3
  1122 | D:2      | Reached ** piety under Trog
  1122 | D:2      | Reached skill level 4 in Long Blades
  1377 | D:2      | Reached XP level 4. HP: 28/40 MP: 4/4
  1896 | D:3      | Reached *** piety under Trog
  1977 | D:3      | Reached skill level 5 in Long Blades
  1977 | D:3      | Reached XP level 5. HP: 45/47 MP: 5/5
  2456 | D:4      | Found a glowing drain.
  2482 | Sewer    | Entered a sewer
  2586 | Sewer    | Reached **** piety under Trog
  2916 | Sewer    | Reached skill level 5 in Fighting
  2916 | Sewer    | Reached XP level 6. HP: 55/56 MP: 6/6
  3175 | D:4      | Reached skill level 6 in Long Blades
  3186 | D:4      | HP: 1/56 [orc wizard/magic dart (8)]
  3186 | D:4      | Mangled by an ogre

Skill      XL: |  1  2  3  4  5  6 |
---------------+-------------------+-----
Long Blades    | 4 5 6 |  6.1
Fighting       | 4 5 |  5.1
Dodging        | |  2.6

Action                   |  1- 3 |  4- 6 || total
-------------------------+-------+-------++-------
Melee: Falchion          |   110 |   229 ||   339
       Tailslap          |    16 |    28 ||    44
Invok: Berserk           |       |     4 ||     4
  Use: Scroll            |       |     8 ||     8
 Stab: Sleeping          |     1 |     1 ||     2
  Eat: Chunk             |     1 |    10 ||    11
Armor: Skin              |    31 |    52 ||    83
Dodge: Dodged            |    77 |   177 ||   254
       Rpst.: Falchion   |    27 |    51 ||    78
